 Dungeon Crawl Stone Soup version 0.23-a0-389-g4a5eb334b0 (webtiles) character file.

128 PikkenKukken the Grasshopper (level 4, -1/22 HPs)
             Began as a Spriggan Warper on Oct 30, 2018.
             Splashed by Ijyb's acid (10 damage)
             ... on level 3 of the Dungeon.
             The game lasted 00:07:38 (2584 turns).

PikkenKukken the Grasshopper (Spriggan Warper)      Turns: 2584, Time: 00:07:47

Health: -1/22      AC: -2    Str:  7    XL:     4   Next: 87%
Magic:  10/10      EV: 19    Int: 18    God:
Gold:   108        SH:  0    Dex: 15    Spells: 6/10 levels left

rFire    . . .     SeeInvis +   a - +1 short sword
rCold    . . .     Gourm    .   (shield restricted)
rNeg     . . .     Faith    .   h - +0 robe
rPois    .         Spirit   .   (helmet restricted)
rElec    .         Reflect  .   (no cloak)
rCorr    .         Harm     .   (gloves unavailable)
MR       .....                  (boots unavailable)
Stlth    +++.......             (no amulet)
HPRegen  0.07/turn              c - +3 ring of intelligence
MPRegen  0.12/turn              (no ring)

@: corroded, very quick
A: very small, unfitting armour, see invisible, herbivore, speed 3, slow
metabolism 2
a: no special abilities


You were on level 3 of the Dungeon.
You were hungry.

You visited 1 branch of the dungeon, and saw 3 of its levels.

You collected 108 gold pieces.

Inventory:

Hand Weapons
 a - a +1 short sword (weapon)
 b - a +0 hunting sling
Missiles
 e - 5 tomahawks of dispersal (quivered)
 m - 40 stones
 q - 12 sling bullets
Armour
 h - a +0 robe (worn)
Jewellery
 c - a +3 ring of intelligence (left hand)
 g - an uncursed ring of protection from magic {unknown}
 p - an uncursed ring of stealth {unknown}
Scrolls
 d - a scroll of blinking
 l - a scroll of teleportation
Potions
 i - a potion of flight {unknown}
 j - a potion of cancellation {unknown}
 k - a potion of curing
 n - a potion of agility {unknown}
 o - a potion of magic {unknown}
Comestibles
 f - 7 rations


   Skills:
 - Level 1.5 Fighting
 + Level 3.0 Short Blades
 + Level 1.3(1.9) Slings
 - Level 1.5(1.8) Throwing
 + Level 4.3 Dodging
 * Level 4.1 Stealth
 + Level 3.5 Spellcasting
 - Level 4.4 Translocations


You had 6 spell levels left.
You knew the following spells:

 Your Spells              Type           Power        Failure   Level  Hunger
a - Blink                 Tloc           N/A          3%          2    ##.....
b - Shroud of Golubria    Chrm/Tloc      ##........   10%         2    ##.....

Your spell library contained the following spells:

 Spells                   Type           Power        Failure   Level  Hunger
 Gell's Gravitas          Tloc           ###.......   8%          3    ###....
 Lesser Beckoning         Tloc           ###.......   8%          3    ###....
 Teleport Other           Tloc           ###.....     8%          3    ###....
 Passage of Golubria      Tloc           N/A          26%         4    ####...


Dungeon Overview and Level Annotations

Branches:
Dungeon (3/15)

Altars:
Hepliaklqana

Annotations:
D:3 Ijyb


Innate Abilities, Weirdness & Mutations

You are very small and have problems with some larger weapons.
You are too small for most types of armour.
You have supernaturally acute eyesight. (SInv)
You are a herbivore.
You cover ground extremely quickly.
You need to consume almost no food.


Message History

Done exploring.
(D) Dungeon
Where to? (Enter - D:1 @ (x,y), ? - help)
What level of the Dungeon? (default 1, ? - help)
There is a stone staircase leading down here.
You climb downwards.
There is a stone staircase leading up here.
You now have 108 gold pieces (gained 13).
Ijyb the Twisted Goblin comes into view.
She is wearing a +0 leather armour of
Casting: Shroud of Golubria (safe; 10% risk of failure)
Confirm with . or Enter, or press ? or * to list all spells.
Okay, then.
a - a +1 short sword (weapon)
The helpless Ijyb fails to defend herself.
You puncture Ijyb!
Ijyb is moderately wounded.
Ijyb zaps a wand.
The bolt of acid hits you!
Ouch! That really hurt!
The acid corrodes you!
You are splashed with acid!
The acid burns!
You die...

#########
#g......#
##..##@####
...........#
#######.##.#
# #.##.##.#
#.......#
####.####
#.### #...#
####.####


You could see Ijyb.

Vanquished Creatures
  6 adders (D:2)
  A worm (D:2)
  A leopard gecko (D:2)
  A ball python (D:1)
  14 giant cockroaches
  7 goblins
  7 hobgoblins
  4 jackals (D:1)
  9 kobolds
  9 bats
  A frilled lizard (D:1)
  5 rats
65 creatures vanquished.

Notes
Turn   | Place    | Note
-------+----------+-------------------------------------------
     0 | D:1      | PikkenKukken the Spriggan Warper began the quest for the
                  | Orb.
     0 | D:1      | Reached XP level 1. HP: 10/10 MP: 5/5
   345 | D:1      | Reached skill level 1 in Stealth
   412 | D:1      | Reached XP level 2. HP: 14/14 MP: 6/6
   813 | D:1      | Learned a level 2 spell: Blink
   816 | D:1      | Learned a level 2 spell: Shroud of Golubria
  1111 | D:1      | Reached XP level 3. HP: 15/18 MP: 5/8
  1889 | D:2      | Found a hazy altar of Hepliaklqana.
  1934 | D:2      | Reached XP level 4. HP: 22/22 MP: 10/10
  2116 | D:2      | Reached skill level 1 in Slings
  2581 | D:3      | Noticed Ijyb
  2584 | D:3      | Splashed by Ijyb's acid

Vault maps used:
D:1:      minmay_arrival_open_corners, chequers_garden
D:2:      minmay_roachtagon, lemuel_doored_altar, first_ration
D:3:      cheibrodos_helix_gallery, chequers_ecumenical_altar_simple,
          st_stairs_4, lexackson_kobold_supper, uniq_natasha, uniq_ijyb

Skill      XL: |  1  2  3  4 |
---------------+-------------+-----
Stealth        | 1 2 3 4 |  4.1
Spellcasting   | 3 |  3.5
Dodging        | 4 |  4.3
Slings         | 1 |  1.3
Short Blades   | 3 |  3.0
Fighting       | |  1.5
Throwing       | |  1.5
Translocations | |  4.4

Action                   |  1- 3 |  4- 6 || total
-------------------------+-------+-------++-------
Melee: Short sword       |   165 |    69 ||   234
 Fire: Hunting sling     |    18 |    52 ||    70
 Cast: Shroud of Golubri |    15 |     7 ||    22
  Use: Scroll            |     3 |     1 ||     4
 Stab: Sleeping          |     1 |     1 ||     2
Armor: Robe              |    22 |    11 ||    33
Dodge: Dodged            |   151 |    84 ||   235

Table legend:
 A = Non-vault XP
 B = Vault XP
 C = Vault XP percentage of total XP
 D = Non-vault monster count
 E = Vault monster count
 F = Vault count percentage of total count
                 A         B        C        D         E       F
            +---------+---------+-------+---------+---------+-------
      Total |     164 |      20 |  10.9 |      55 |      10 |  15.4
            +---------+---------+-------+---------+---------+-------
        D:1 |      61 |       0 |   0.0 |      35 |       0 |   0.0
        D:2 |     103 |      20 |  16.3 |      20 |      10 |  33.3
            +---------+---------+-------+---------+---------+-------
